[Event "3rd Memorial Warakomska 2019"]
[Site "Suwalki"]
[Date "2019.08.06"]
[Round "2.34"]
[White "Selbes, Tarik"]
[Black "Lisowski, Krzysztof"]
[Result "0-1"]
[ECO "B31"]
[WhiteElo "2342"]
[BlackElo "2187"]
[Annotator "NA"]
[PlyCount "66"]
[EventDate "2019.08.05"]
[EventType "swiss"]
[EventCountry "POL"]
[SourceTitle "playchess.com"]
[Source "ChessBase"]
[SourceQuality "1"]
[TimeControl "40/5400+30:1800+30"]

1. e4 c5 2. Nf3 Nc6 3. Bb5 g6 4. O-O Bg7 5. Re1 e5 6. Nc3 Nge7 7. d3 O-O 8. Bc4 h6 9. Nd5 d6 10. Bd2 Be6 11. Qc1 Kh7 12. h3 Bxd5 13. exd5 Na5 14. a4 Nxc4 15. dxc4 f5 16. Ra3 Rf7 17. Nh2 Ng8 18. f4 exf4 19. Bxf4 Nf6 20. Re6 Ne4 21. Nf3 Re7 22. Rd3 Qd7 23. Nd2 Bd4+ 24. Rxd4 cxd4 25. Nxe4 fxe4 26. Rxd6 Qf5 27. g4 Qf8 28. h4 e3 29. Bg3 Qf3 30. Kh2 Qe2+ 31. Kh3 Rf8 32. Re6 Rxe6 33. dxe6 Rf1 0-1

[Event "3rd Memorial Warakomska 2019"]
[Site "Suwalki"]
[Date "2019.08.06"]
[Round "2.35"]
[White "Balinski, Damian"]
[Black "Budrewicz, Krzysztof"]
[Result "1/2-1/2"]
[ECO "A41"]
[WhiteElo "2176"]
[BlackElo "2188"]
[Annotator "NA"]
[PlyCount "69"]
[EventDate "2019.08.05"]
[EventType "swiss"]
[EventCountry "POL"]
[SourceTitle "playchess.com"]
[Source "ChessBase"]
[SourceQuality "1"]
[TimeControl "40/5400+30:1800+30"]

1. d4 d6 2. Nf3 g6 3. c4 Bg7 4. Nc3 Bg4 5. g3 Bxf3 6. exf3 e6 7. d5 exd5 8. cxd5 Ne7 9. Bh3 O-O 10. O-O Nd7 11. Be3 Ne5 12. Rb1 c5 13. dxc6 bxc6 14. f4 Nc4 15. Bd4 d5 16. b3 Bxd4 17. Qxd4 Nd6 18. Rbc1 Re8 19. Na4 Nef5 20. Qd3 Rc8 21. Nc5 h5 22. Rc2 Qf6 23. Nd7 Qe6 24. Ne5 Ne4 25. Rfc1 c5 26. f3 c4 27. bxc4 Qb6+ 28. Kh1 Nf2+ 29. Rxf2 Qxf2 30. Bxf5 Rxe5 31. fxe5 gxf5 32. Qxf5 Rxc4 33. Qg5+ Kf8 34. Qd8+ Kg7 35. Qg5+ 1/2-1/2

[Event "3rd Memorial Warakomska 2019"]
[Site "Suwalki"]
[Date "2019.08.06"]
[Round "2.36"]
[White "Chan, Kim Yew"]
[Black "Pniaczek, Marek"]
[Result "0-1"]
[ECO "A33"]
[WhiteElo "2276"]
[BlackElo "2276"]
[Annotator "NA"]
[PlyCount "112"]
[EventDate "2019.08.05"]
[EventType "swiss"]
[EventCountry "POL"]
[SourceTitle "playchess.com"]
[Source "ChessBase"]
[SourceQuality "1"]
[TimeControl "40/5400+30:1800+30"]

1. Nf3 c5 2. c4 Nc6 3. d4 cxd4 4. Nxd4 Nf6 5. Nc3 e6 6. a3 Be7 7. e4 O-O 8. Nc2 b6 9. Be2 Bb7 10. O-O Rc8 11. Ne3 Bc5 12. Nc2 Ne5 13. b4 Be7 14. Qd4 Qc7 15. Ne3 Ng6 16. g3 Rfd8 17. Bb2 d6 18. Rac1 Qb8 19. Bf3 Qa8 20. Bg2 Bf8 21. h3 Re8 22. Kh2 Bc6 23. Rfe1 h5 24. a4 h4 25. Ra1 Qb8 26. b5 Bb7 27. a5 Rc5 28. axb6 axb6 29. Ne2 Qc7 30. Ra7 hxg3+ 31. fxg3 Rb8 32. Rf1 Rg5 33. Rxf6 gxf6 34. Qxf6 Qe7 35. Qd4 Qc7 36. Qf6 Qe7 37. Qd4 Qc7 38. Ng4 e5 39. Qe3 Rxg4 40. hxg4 Qxc4 41. Nc3 Bc8 42. Qf2 Be6 43. g5 Be7 44. Bh3 Bxh3 45. Kxh3 Bxg5 46. Nd5 Rf8 47. Qf5 Kg7 48. Kg4 Bd8 49. Qf3 Kh6 50. Ne3 f5+ 51. Nxf5+ Rxf5 52. Qh1+ Nh4 53. Qc1+ Rg5+ 54. Kh3 Qxe4 55. Bxe5 Qg2+ 56. Kxh4 Qh2# 0-1

[Event "3rd Memorial Warakomska 2019"]
[Site "Suwalki"]
[Date "2019.08.06"]
[Round "2.37"]
[White "Sernecki, Franciszek"]
[Black "Korbal, Arkadiusz"]
[Result "1-0"]
[ECO "C82"]
[WhiteElo "2275"]
[BlackElo "2178"]
[Annotator "NA"]
[PlyCount "157"]
[EventDate "2019.08.05"]
[EventType "swiss"]
[EventCountry "POL"]
[SourceTitle "playchess.com"]
[Source "ChessBase"]
[SourceQuality "1"]
[TimeControl "40/5400+30:1800+30"]

1. e4 e5 2. Nf3 Nc6 3. Bb5 a6 4. Ba4 Nf6 5. O-O Nxe4 6. d4 b5 7. Bb3 d5 8. dxe5 Be6 9. c3 Bc5 10. Bc2 O-O 11. Nbd2 Nxf2 12. Rxf2 f6 13. exf6 Bxf2+ 14. Kxf2 Qxf6 15. Nf1 Ne5 16. Be3 Rae8 17. Bc5 Rf7 18. Kg1 Bg4 19. N1d2 Nxf3+ 20. Nxf3 Qc6 21. b4 Bxf3 22. gxf3 Re5 23. Qd3 Qh6 24. Bf2 c6 25. Re1 Rfe7 26. Rxe5 Rxe5 27. Bg3 Qe3+ 28. Bf2 Qc1+ 29. Kg2 g6 30. h4 Re6 31. Bb3 Qf4 32. Qd4 Qxd4 33. Bxd4 Re2+ 34. Kg3 Kf7 35. Kg4 Rg2+ 36. Kh3 Rd2 37. Kg4 Rg2+ 38. Kf4 Rh2 39. Kg3 Rd2 40. Bh8 Ke6 41. Kf4 Re2 42. Bd4 Rh2 43. Kg5 Rg2+ 44. Kh6 Rh2 45. Kxh7 Kf7 46. Kh6 Rxh4+ 47. Kg5 Rh2 48. Kf4 Re2 49. Kg4 Rg2+ 50. Kf4 Re2 51. Kg4 Rg2+ 52. Kh3 Rd2 53. f4 Ke6 54. Kg4 Rh2 55. Kg3 Rd2 56. Kg4 Rg2+ 57. Kf3 Rh2 58. Bf2 Rh3+ 59. Bg3 Rh1 60. Bc2 Kf7 61. Ke3 Rh3 62. Kf3 Rh1 63. Ke2 Kf6 64. Bf2 Rh2 65. Kf3 Rh3+ 66. Kg2 Rh5 67. Bd4+ Kf7 68. a4 Rh4 69. Kg3 Rh1 70. a5 Rc1 71. Bd3 Rd1 72. Be2 Re1 73. Bg4 Ke7 74. Bc8 Kd8 75. Bxa6 Kc7 76. Be5+ Kd7 77. Bb7 g5 78. a6 gxf4+ 79. Bxf4 1-0

[Event "3rd Memorial Warakomska 2019"]
[Site "Suwalki"]
[Date "2019.08.06"]
[Round "2.38"]
[White "Szadkowski, Kamil"]
[Black "Luba, Lukasz"]
[Result "1-0"]
[ECO "C13"]
[WhiteElo "2245"]
[BlackElo "2177"]
[Annotator "NA"]
[PlyCount "81"]
[EventDate "2019.08.05"]
[EventType "swiss"]
[EventCountry "POL"]
[SourceTitle "playchess.com"]
[Source "ChessBase"]
[SourceQuality "1"]
[TimeControl "40/5400+30:1800+30"]

1. e4 e6 2. d4 d5 3. Nc3 Nf6 4. Bg5 Be7 5. e5 Nfd7 6. h4 Bxg5 7. hxg5 Qxg5 8. Qd3 Nf8 9. Nh3 Qe7 10. Nf4 c6 11. Qg3 g6 12. Rh6 Nbd7 13. O-O-O b6 14. Be2 Bb7 15. Rdh1 O-O-O 16. Nh3 f6 17. f4 a6 18. Nd1 c5 19. c3 b5 20. Kb1 c4 21. Ne3 f5 22. Ng5 Nb8 23. Qh4 Rd7 24. g4 Nc6 25. Nxe6 Nxe6 26. gxf5 Ncxd4 27. cxd4 Nxd4 28. Qxe7 Rxe7 29. fxg6 Nxe2 30. Nf5 Rd7 31. Rxh7 Rhd8 32. e6 Rxh7 33. gxh7 Rh8 34. Ne7+ Kc7 35. Ng6 d4 36. Nxh8 Bxh1 37. Ng6 Be4+ 38. Ka1 d3 39. h8=Q d2 40. Qe5+ Kc8 41. Ne7+ 1-0

[Event "3rd Memorial Warakomska 2019"]
[Site "Suwalki"]
[Date "2019.08.06"]
[Round "2.39"]
[White "Dmochowska, Agnieszka"]
[Black "Szostko, Jakub"]
[Result "1/2-1/2"]
[ECO "C85"]
[WhiteElo "2126"]
[BlackElo "2245"]
[Annotator "NA"]
[PlyCount "76"]
[EventDate "2019.08.05"]
[EventType "swiss"]
[EventCountry "POL"]
[SourceTitle "playchess.com"]
[Source "ChessBase"]
[SourceQuality "1"]
[TimeControl "40/5400+30:1800+30"]

1. e4 e5 2. Nf3 Nc6 3. Bb5 a6 4. Ba4 Nf6 5. O-O Be7 6. Bxc6 dxc6 7. d3 Nd7 8. b3 f6 9. Nbd2 Nc5 10. Nh4 g6 11. Bb2 Be6 12. Nc4 Qd7 13. a4 g5 14. Nf3 O-O-O 15. Qe1 Bxc4 16. bxc4 Ne6 17. Rb1 h5 18. Qa5 Bc5 19. Bc1 Qd6 20. Be3 h4 21. Rb2 g4 22. Nd2 b6 23. Qc3 Bd4 24. Bxd4 Nxd4 25. Re1 g3 26. c5 gxh2+ 27. Kxh2 Qxc5 28. Qxc5 bxc5 29. Reb1 Kd7 30. Nb3 Nxb3 31. Rxb3 Kd6 32. Rb7 Ra8 33. Kh3 Rhg8 34. R1b2 a5 35. Rb1 Ra6 36. R1b2 Raa8 37. Rb1 Ra6 38. R1b2 Raa8 1/2-1/2

[Event "3rd Memorial Warakomska 2019"]
[Site "Suwalki"]
[Date "2019.08.06"]
[Round "2.40"]
[White "Kiolbasa, Oliwia"]
[Black "Hoffmann, Yair"]
[Result "0-1"]
[ECO "B12"]
[WhiteElo "2239"]
[BlackElo "2099"]
[Annotator "NA"]
[PlyCount "98"]
[EventDate "2019.08.05"]
[EventType "swiss"]
[EventCountry "POL"]
[SourceTitle "playchess.com"]
[Source "ChessBase"]
[SourceQuality "1"]
[TimeControl "40/5400+30:1800+30"]

1. e4 c6 2. d4 d5 3. e5 Bf5 4. Nd2 e6 5. Nb3 Nd7 6. Nf3 Ne7 7. Be2 h6 8. O-O g5 9. Ne1 Qc7 10. Nd3 Ng6 11. Be3 O-O-O 12. a4 Kb8 13. a5 a6 14. f4 c5 15. dxc5 gxf4 16. Nxf4 Nxf4 17. Bxf4 Nxc5 18. Nd4 Bg6 19. Bh5 Re8 20. Bxg6 fxg6 21. Qg4 g5 22. Bg3 Bg7 23. Rae1 Ne4 24. c3 h5 25. Qe2 h4 26. Bf2 Bxe5 27. Nf3 Bd6 28. Bb6 Qg7 29. Nd2 Ng3 30. hxg3 hxg3 31. Qg4 Rh4 32. Rxe6 Qd7 33. Rfe1 Rc8 34. Qxg5 Qh7 35. Qxh4 Qxh4 36. Nf3 Qf4 37. Re8 Qf5 38. R1e6 Bc7 39. Bd4 Bxa5 40. Re5 Qg6 41. R8e6 Qb1+ 42. Re1 Qxb2 43. Be5+ Bc7 44. Bd4 Qb5 45. Rd1 Re8 46. Rg6 Bf4 47. Rb6 Qe2 48. Rdb1 Be3+ 49. Kh1 Bxd4 0-1

[Event "3rd Memorial Warakomska 2019"]
[Site "Suwalki"]
[Date "2019.08.06"]
[Round "2.41"]
[White "Szczurek, Krzysztof"]
[Black "Czopor, Maciej"]
[Result "0-1"]
[ECO "A05"]
[WhiteElo "2104"]
[BlackElo "2250"]
[Annotator "NA"]
[PlyCount "120"]
[EventDate "2019.08.05"]
[EventType "swiss"]
[EventCountry "POL"]
[SourceTitle "playchess.com"]
[Source "ChessBase"]
[SourceQuality "1"]
[TimeControl "40/5400+30:1800+30"]

1. Nf3 Nf6 2. g3 d5 3. Bg2 c5 4. O-O e6 5. c3 Nc6 6. d4 Be7 7. Nbd2 O-O 8. dxc5 a5 9. Qc2 Bxc5 10. e4 a4 11. exd5 exd5 12. b4 axb3 13. Nxb3 Bb6 14. Bf4 Bg4 15. Nfd4 Qc8 16. Qd3 Re8 17. Rfc1 Ne5 18. Bxe5 Rxe5 19. c4 dxc4 20. Rxc4 Qd7 21. Qc2 Rae8 22. Qd2 h5 23. Rcc1 Rd8 24. Rc4 Be6 25. Rb4 Qd6 26. Rf1 Ne4 27. Bxe4 Rxe4 28. Nxe6 Qxe6 29. Rxe4 Qxe4 30. Qf4 Qxf4 31. gxf4 Ra8 32. Nc1 Ra4 33. Kg2 Rxf4 34. Nd3 Rg4+ 35. Kf3 Rd4 36. Nf4 g6 37. Rb1 Bc7 38. Ne2 Rd3+ 39. Kg2 b6 40. Rc1 Be5 41. a4 Rd2 42. Nc3 Rd4 43. h3 Rc4 44. Ne2 Rxa4 45. Rb1 Ra2 46. Kf3 Rb2 47. Rd1 b5 48. Rd5 Bf6 49. Nc1 b4 50. Rb5 Rb1 51. Nd3 b3 52. Rb6 Kg7 53. Kg3 b2 54. Kg2 h4 55. Rb4 Bc3 56. Rb6 Bd4 57. Rb4 Rd1 58. Nxb2 Rd2 59. Nc4 Rxf2+ 60. Kh1 g5 0-1

[Event "3rd Memorial Warakomska 2019"]
[Site "Suwalki"]
[Date "2019.08.06"]
[Round "2.42"]
[White "Jaroch, Karol"]
[Black "Advait, Bagri"]
[Result "1-0"]
[ECO "C55"]
[WhiteElo "2221"]
[BlackElo "1968"]
[Annotator "NA"]
[PlyCount "91"]
[EventDate "2019.08.05"]
[EventType "swiss"]
[EventCountry "POL"]
[SourceTitle "playchess.com"]
[Source "ChessBase"]
[SourceQuality "1"]
[TimeControl "40/5400+30:1800+30"]

1. e4 e5 2. Nf3 Nc6 3. Bc4 Nf6 4. d3 Be7 5. Nc3 d6 6. Be3 Na5 7. h3 a6 8. a3 Nxc4 9. dxc4 Bd7 10. Qd3 O-O 11. g4 b5 12. c5 dxc5 13. g5 Nh5 14. Nxe5 Be8 15. O-O-O Qb8 16. Qe2 f5 17. Nd7 Bxd7 18. Rxd7 Qe8 19. Rxe7 Qxe7 20. Qxh5 f4 21. g6 hxg6 22. Qd5+ Qf7 23. Bxc5 Rfe8 24. f3 c6 25. Qxf7+ Kxf7 26. Ne2 g5 27. Rg1 Rh8 28. Rxg5 Rxh3 29. Rf5+ Kg8 30. Rxf4 Rh1+ 31. Kd2 Rd8+ 32. Kc3 a5 33. Nd4 Rh6 34. b4 axb4+ 35. axb4 Ra8 36. e5 Re8 37. e6 Rhxe6 38. Nxe6 Rxe6 39. Re4 Rf6 40. f4 Kf7 41. Re7+ Kg6 42. Bd4 Rxf4 43. Rxg7+ Kh5 44. Rc7 Rf3+ 45. Kb2 Rf4 46. c3 1-0

[Event "3rd Memorial Warakomska 2019"]
[Site "Suwalki"]
[Date "2019.08.06"]
[Round "2.43"]
[White "Klimkowski, Jan"]
[Black "Dzhuguryan, Tygran"]
[Result "1/2-1/2"]
[ECO "B14"]
[WhiteElo "1985"]
[BlackElo "2230"]
[Annotator "NA"]
[PlyCount "118"]
[EventDate "2019.08.05"]
[EventType "swiss"]
[EventCountry "POL"]
[SourceTitle "playchess.com"]
[Source "ChessBase"]
[SourceQuality "1"]
[TimeControl "40/5400+30:1800+30"]

1. e4 c6 2. d4 d5 3. exd5 cxd5 4. c4 Nf6 5. Nc3 g6 6. Qb3 Bg7 7. cxd5 O-O 8. Be2 Nbd7 9. Bf3 Nb6 10. Nge2 Bg4 11. Bxg4 Nxg4 12. a4 Qc7 13. a5 Qc4 14. Ra3 Qxb3 15. Rxb3 Nc4 16. Rxb7 Rfb8 17. Rxe7 Nxb2 18. O-O Bf8 19. Rc7 Nd3 20. h3 Nxc1 21. Rxc1 Nf6 22. Rc6 Kg7 23. Nf4 Rb4 24. Rd1 Rd8 25. Rc7 Rd7 26. Rxd7 Nxd7 27. Rc1 Rxd4 28. Nce2 Rd2 29. Rc7 Nc5 30. h4 Bd6 31. Rxa7 Rd1+ 32. Kh2 Nd3 33. g3 Nxf4 34. Nxf4 Bxf4 35. gxf4 Rxd5 36. Kg2 Kf6 37. Kf3 Rh5 38. Kg3 Rb5 39. f3 Rb2 40. Ra6+ Kf5 41. Rb6 Ra2 42. Rb5+ Kf6 43. h5 gxh5 44. Rxh5 Kg6 45. Rg5+ Kf6 46. Rb5 Kg6 47. Rb6+ f6 48. Rb5 Rc2 49. f5+ Kh5 50. Rb1 Ra2 51. Rh1+ Kg5 52. Rxh7 Ra3 53. Rh8 Ra2 54. Ra8 Kxf5 55. a6 Ra4 56. a7 Ra2 57. Kh3 Ra3 58. Kh4 Ra4+ 59. Kh5 Ra2 1/2-1/2

[Event "3rd Memorial Warakomska 2019"]
[Site "Suwalki"]
[Date "2019.08.06"]
[Round "2.44"]
[White "Bukojemski, Adam"]
[Black "Bommini Mounika Akshaya"]
[Result "1/2-1/2"]
[ECO "C55"]
[WhiteElo "2225"]
[BlackElo "2063"]
[Annotator "NA"]
[PlyCount "143"]
[EventDate "2019.08.05"]
[EventType "swiss"]
[EventCountry "POL"]
[SourceTitle "playchess.com"]
[Source "ChessBase"]
[SourceQuality "1"]
[TimeControl "40/5400+30:1800+30"]

1. e4 e5 2. Nf3 Nc6 3. Bc4 Nf6 4. d3 Be7 5. O-O O-O 6. Re1 d6 7. a4 Na5 8. Ba2 c5 9. Nbd2 Nc6 10. c3 Be6 11. Nf1 h6 12. Ng3 Re8 13. Bb1 Bf8 14. d4 cxd4 15. cxd4 Bg4 16. d5 Nd4 17. Be3 Nxf3+ 18. gxf3 Bh3 19. Kh1 g6 20. a5 h5 21. Rg1 Kh7 22. Ne2 Be7 23. Qb3 Qd7 24. Bd3 a6 25. Ra4 Rac8 26. Rb4 Rc7 27. Bb6 Rcc8 28. Be3 Rc7 29. Rc1 Rec8 30. Rxc7 Rxc7 31. Nc3 h4 32. Qa4 Qxa4 33. Nxa4 Nh5 34. Rc4 Rxc4 35. Bxc4 g5 36. b4 Nf4 37. Kg1 Bd7 38. Nb6 Be8 39. Nc8 Bf8 40. Na7 Kg6 41. Bb6 Ba4 42. b5 axb5 43. Bxb5 Bd1 44. Be3 Bxf3 45. Bxf4 gxf4 46. Bc6 bxc6 47. dxc6 Bxe4 48. c7 Bb7 49. c8=Q Bxc8 50. Nxc8 d5 51. a6 Bc5 52. a7 Bxa7 53. Nxa7 Kf5 54. f3 Ke6 55. Nb5 Kd7 56. Kf2 Kc6 57. Na3 h3 58. Ke2 Kc5 59. Kd3 f5 60. Nc2 d4 61. Na1 Kd5 62. Nb3 e4+ 63. Kd2 Kc4 64. Na5+ Kd5 65. Nb3 Kc4 66. Na5+ Kd5 67. Nb3 Kc4 68. Na5+ Kb4 69. Nc6+ Kc4 70. Na5+ Kb4 71. Nc6+ Kc5 72. Ne5 1/2-1/2

[Event "3rd Memorial Warakomska 2019"]
[Site "Suwalki"]
[Date "2019.08.06"]
[Round "2.45"]
[White "Checiak, Krzysztof"]
[Black "Sharankov, Grigory"]
[Result "0-1"]
[ECO "C01"]
[WhiteElo "2057"]
[BlackElo "2221"]
[Annotator "NA"]
[PlyCount "180"]
[EventDate "2019.08.05"]
[EventType "swiss"]
[EventCountry "POL"]
[SourceTitle "playchess.com"]
[Source "ChessBase"]
[SourceQuality "1"]
[TimeControl "40/5400+30:1800+30"]

1. e4 e6 2. d4 d5 3. exd5 exd5 4. Bd3 c5 5. Nf3 Nc6 6. dxc5 Bxc5 7. O-O Nf6 8. Re1+ Be6 9. Ng5 O-O 10. Be3 Bd6 11. h3 d4 12. Nxe6 fxe6 13. Bg5 Ne5 14. Nd2 Rc8 15. Ne4 Be7 16. Bxf6 gxf6 17. Qh5 Nxd3 18. cxd3 f5 19. Nd2 Rc6 20. Nc4 Bf6 21. a4 Qd5 22. b4 Rc7 23. Qe2 Re8 24. Rac1 Rg7 25. f3 Bg5 26. Rc2 Bf4 27. Kh1 Qd8 28. Nd2 Bb8 29. Nf1 Bd6 30. Rc4 Qh4 31. Rec1 Rge7 32. b5 Kf7 33. a5 Qf6 34. Rc8 Qe5 35. Qxe5 Bxe5 36. R8c4 Rd8 37. Kg1 Rd5 38. Rb1 Bc7 39. b6 axb6 40. axb6 Bd8 41. Ng3 Rd6 42. Rcb4 Red7 43. Ne2 e5 44. g3 Rc6 45. f4 Rc2 46. Kf1 Bf6 47. fxe5 Bxe5 48. R1b2 Rc6 49. Rb5 Kf6 50. Ra5 Rg7 51. Rbb5 Bxg3 52. Rxf5+ Ke7 53. Rab5 Bh2 54. Rf2 Bg1 55. Rg2 Rxg2 56. Kxg2 Be3 57. Kf3 Kd6 58. Ke4 Rc5 59. Rb4 Re5+ 60. Kf3 Rf5+ 61. Kg4 Rf2 62. Rb2 Kc5 63. Kg3 Rf6 64. Rc2+ Kxb6 65. Rc4 Rd6 66. Kf3 Ka6 67. Ra4+ Kb5 68. Rc4 Ka6 69. Ra4+ Kb5 70. Rc4 Rd7 71. Nc3+ Kb6 72. Na4+ Ka5 73. Nc5 Rf7+ 74. Kg4 b5 75. Nb3+ Kb6 76. Rb4 Rf2 77. h4 Rb2 78. h5 Bf2 79. Kf5 Be1 80. Rxd4 Rxb3 81. Rd6+ Kc5 82. Rh6 Rxd3 83. Rxh7 Bc3 84. h6 Rh3 85. Kg4 Rh1 86. Rc7+ Kd4 87. h7 b4 88. Rf7 b3 89. Rf4+ Kd3 90. Rf3+ Kc4 0-1

[Event "3rd Memorial Warakomska 2019"]
[Site "Suwalki"]
[Date "2019.08.06"]
[Round "2.46"]
[White "Czarniecka, Aleksandra"]
[Black "Zaika, Daniil"]
[Result "0-1"]
[ECO "B92"]
[WhiteElo "2042"]
[BlackElo "2216"]
[Annotator "NA"]
[PlyCount "108"]
[EventDate "2019.08.05"]
[EventType "swiss"]
[EventCountry "POL"]
[SourceTitle "playchess.com"]
[Source "ChessBase"]
[SourceQuality "1"]
[TimeControl "40/5400+30:1800+30"]

1. e4 c5 2. Nf3 d6 3. d4 cxd4 4. Nxd4 Nf6 5. Nc3 a6 6. Be2 Nbd7 7. O-O g6 8. Re1 Bg7 9. Nb3 O-O 10. Bg5 b5 11. a3 Bb7 12. Bf1 Rc8 13. Nd5 Nxd5 14. exd5 Re8 15. c3 Nb6 16. Nd4 h6 17. Bh4 Nxd5 18. Qd2 Qd7 19. Rad1 e5 20. Nc2 g5 21. Bg3 f5 22. f3 f4 23. Bf2 g4 24. Be2 h5 25. Nb4 Nxb4 26. axb4 d5 27. Qc2 Qe6 28. Qb3 e4 29. Bc5 Bf6 30. Bf1 Bh4 31. Re2 Rc7 32. Bd4 Kh7 33. Kh1 Qg6 34. Qc2 Bc8 35. Bc5 Bf5 36. Qc1 e3 37. Rxd5 gxf3 38. gxf3 Bf2 39. Rxf2 exf2 40. Bxf2 Rf7 41. Qd2 Rg8 42. Rd6 Rf6 43. Rxf6 Qxf6 44. Qxf4 Qg6 45. Bd4 Re8 46. Bf2 Re7 47. Qg3 Qc6 48. Bd4 Rf7 49. Bg2 Qh6 50. f4 h4 51. Qe3 h3 52. Bd5 Rd7 53. Qe5 Qf8 54. Be6 Qa8+ 0-1

[Event "3rd Memorial Warakomska 2019"]
[Site "Suwalki"]
[Date "2019.08.06"]
[Round "2.47"]
[White "Kukula, Pawel"]
[Black "Oborski, Artur"]
[Result "1-0"]
[ECO "D31"]
[WhiteElo "2209"]
[BlackElo "1969"]
[Annotator "NA"]
[PlyCount "123"]
[EventDate "2019.08.05"]
[EventType "swiss"]
[EventCountry "POL"]
[SourceTitle "playchess.com"]
[Source "ChessBase"]
[SourceQuality "1"]
[TimeControl "40/5400+30:1800+30"]

1. d4 d5 2. c4 e6 3. Nc3 c6 4. Nf3 dxc4 5. a4 Bb4 6. g3 Nf6 7. Bg2 c5 8. O-O Nc6 9. e3 cxd4 10. exd4 O-O 11. Qe2 Na5 12. Bg5 h6 13. Bxf6 Qxf6 14. Ne5 Rd8 15. Rad1 Bd7 16. Nxc4 Bxc3 17. bxc3 Nxc4 18. Qxc4 Rac8 19. Qb4 b6 20. c4 Bc6 21. d5 exd5 22. cxd5 Bb7 23. Rd4 Rc5 24. Rfd1 Rd6 25. h4 a5 26. Qd2 Rc8 27. Re1 Rf8 28. Kh2 Qd8 29. Re5 Re8 30. Qe3 Rxe5 31. Qxe5 Kf8 32. Qe3 Kg8 33. Re4 Kf8 34. Rd4 Kg8 35. Qe4 Qd7 36. Qe5 Kf8 37. Rf4 f6 38. Qe3 Qd8 39. Qa3 Kg8 40. Rd4 Kh8 41. Qe3 Kg8 42. Qe4 Bc8 43. Bf1 Bd7 44. Bd3 f5 45. Qe5 Qf6 46. f4 Kf7 47. Bc2 Kf8 48. Bb3 Qe7 49. Rd3 Qf6 50. Rc3 Qe7 51. Rc7 Kf7 52. Bc2 Ke8 53. Bb3 Kf7 54. Bc4 Ke8 55. Kg2 Kd8 56. Ra7 Ke8 57. Kf3 Kf8 58. Ke3 Ke8 59. Kd4 Qxe5+ 60. fxe5 Rg6 61. Be2 Rxg3 62. e6 1-0

[Event "3rd Memorial Warakomska 2019"]
[Site "Suwalki"]
[Date "2019.08.06"]
[Round "2.48"]
[White "Leskiewicz, Ignacy"]
[Black "Nowak, Lukasz"]
[Result "0-1"]
[ECO "B13"]
[WhiteElo "2120"]
[BlackElo "2264"]
[Annotator "NA"]
[PlyCount "106"]
[EventDate "2019.08.05"]
[EventType "swiss"]
[EventCountry "POL"]
[SourceTitle "playchess.com"]
[Source "ChessBase"]
[SourceQuality "1"]
[TimeControl "40/5400+30:1800+30"]

1. e4 c6 2. d4 d5 3. exd5 cxd5 4. c4 Nf6 5. Nc3 Nc6 6. Bg5 Be6 7. a3 Qd7 8. Nf3 Ne4 9. cxd5 Bxd5 10. Bf4 Nxc3 11. bxc3 Qf5 12. Bg3 Bxf3 13. Qxf3 Qxf3 14. gxf3 e6 15. Bd3 O-O-O 16. O-O Bd6 17. Be4 Na5 18. Rab1 f5 19. Rb5 b6 20. Bxd6 fxe4 21. Bb4 Nc4 22. fxe4 Rd7 23. Rb1 a6 24. Rh5 g6 25. Re5 Nxe5 26. dxe5 Rd3 27. Bd6 Kb7 28. Bc5 b5 29. Bd4 Kc6 30. Kg2 Rf8 31. a4 Rb8 32. Rb3 b4 33. Kf1 a5 34. Rb1 Rb7 35. Ke2 Rh3 36. Be3 Rxh2 37. cxb4 Rxb4 38. Rd1 Rxe4 39. Rd6+ Kc7 40. Rxe6 Kd7 41. Rd6+ Ke7 42. Rd5 Rxa4 43. Rb5 Ke6 44. Bd2 Ra2 45. Rxa5 Rxa5 46. Bxa5 Rh3 47. f4 Kf5 48. Bd2 Ke4 49. e6 Rh2+ 50. Kd1 Kd3 51. Bb4 Rb2 52. Ba3 Ra2 53. Bc1 Re2 0-1

[Event "3rd Memorial Warakomska 2019"]
[Site "Suwalki"]
[Date "2019.08.07"]
[Round "3.1"]
[White "Goluch, Piotr"]
[Black "Greenfeld, Alon"]
[Result "1-0"]
[ECO "A05"]
[WhiteElo "2386"]
[BlackElo "2522"]
[Annotator "ChessBase"]
[PlyCount "111"]
[EventDate "2019.08.05"]
[EventType "swiss"]
[EventCountry "POL"]
[SourceTitle "playchess.com"]
[Source "ChessBase"]
[SourceQuality "1"]
[TimeControl "40/5400+30:1800+30"]

1. Nf3 Nf6 2. c4 g6 3. b3 d6 4. Bb2 Bg7 5. g3 e5 6. Bg2 O-O 7. O-O Nc6 8. d4 e4 9. Ne1 e3 10. fxe3 h5 11. Nf3 Ng4 12. Qd3 Re8 13. e4 Nb4 14. Qc3 c5 15. Nbd2 h4 16. gxh4 Nc6 17. e3 f5 18. e5 dxe5 19. d5 Nd4 20. Rae1 Nxf3+ 21. Nxf3 Nf6 22. Qc2 Qd6 23. Bh3 e4 24. Ng5 Nh5 25. Kh1 a5 26. Rg1 Bxb2 27. Qxb2 Qf6 28. Qf2 Kh8 29. Bf1 a4 30. Be2 axb3 31. Bxh5 Rxa2 32. Be2 f4 33. Qxf4 Qxf4 34. exf4 Bf5 35. Nf7+ Kh7 36. Nd6 Rea8 37. h5 R8a6 38. hxg6+ Bxg6 39. f5 Rxd6 40. fxg6+ Rxg6 41. Bg4 Kh6 42. Bf5 Rxg1+ 43. Kxg1 Rc2 44. d6 Rxc4 45. Rd1 b2 46. d7 Rd4 47. Rb1 Kg5 48. Bh3 e3 49. Rxb2 Rd1+ 50. Kg2 Kf4 51. Rb6 e2 52. Rf6+ Kg5 53. Rf5+ Kh4 54. Rf4+ Kg5 55. Re4 b5 56. Rxe2 1-0

[Event "3rd Memorial Warakomska 2019"]
[Site "Suwalki"]
[Date "2019.08.07"]
[Round "3.2"]
[White "Galperin, Platon"]
[Black "Grib, Roman"]
[Result "1/2-1/2"]
[ECO "E35"]
[WhiteElo "2445"]
[BlackElo "2421"]
[Annotator "NA"]
[PlyCount "89"]
[EventDate "2019.08.05"]
[EventType "swiss"]
[EventCountry "POL"]
[SourceTitle "playchess.com"]
[Source "ChessBase"]
[SourceQuality "1"]
[TimeControl "40/5400+30:1800+30"]

1. d4 Nf6 2. c4 e6 3. Nc3 Bb4 4. Qc2 d5 5. cxd5 exd5 6. Bg5 Nbd7 7. e3 h6 8. Bh4 O-O 9. Bd3 c5 10. Nge2 c4 11. Bf5 Nb6 12. a3 Bxc3+ 13. Nxc3 Bxf5 14. Qxf5 Qd7 15. g4 Qxf5 16. gxf5 g5 17. Bg3 Ne4 $16 18. f3 Nxc3 19. bxc3 Rfe8 20. Kd2 Kg7 21. Rhe1 Re7 22. e4 dxe4 23. fxe4 Rae8 24. Re2 f6 25. Rae1 h5 26. h3 Rf7 27. Rb1 h4 28. Bh2 Kh6 29. Rf1 Kh5 30. e5 Nd5 31. Re4 b5 32. Rg4 a5 33. Rfg1 Kh6 34. R4g2 b4 35. cxb4 axb4 36. exf6 Nxf6 37. axb4 Ne4+ 38. Kc1 Ra8 39. Re2 Rxf5 40. Kb2 Ra2+ 41. Kxa2 Nc3+ 42. Kb2 Nxe2 43. Rg2 Nxd4 44. Kc3 Nc6 45. Kxc4 1/2-1/2

[Event "3rd Memorial Warakomska 2019"]
[Site "Suwalki"]
[Date "2019.08.07"]
[Round "3.3"]
[White "Hnydiuk, Aleksander"]
[Black "Caspi, Israel"]
[Result "1/2-1/2"]
[ECO "E06"]
[WhiteElo "2412"]
[BlackElo "2458"]
[Annotator "ChessBase"]
[PlyCount "116"]
[EventDate "2019.08.05"]
[EventType "swiss"]
[EventCountry "POL"]
[SourceTitle "playchess.com"]
[Source "ChessBase"]
[SourceQuality "1"]
[TimeControl "40/5400+30:1800+30"]

1. Nf3 Nf6 2. c4 e6 3. g3 d5 4. d4 Be7 5. Bg2 O-O 6. Qc2 c5 7. O-O cxd4 8. Nxd4 e5 9. Nf5 d4 10. Nxe7+ Qxe7 11. Bg5 h6 12. Bxf6 Qxf6 13. Nd2 Nc6 14. c5 Bf5 15. Qb3 Qe7 16. Ne4 Be6 17. Qb5 f5 18. Nd6 e4 19. Rfd1 Rab8 20. Qa4 Qf6 21. b4 a6 22. Rab1 Bd5 23. Qc2 Qe5 24. a4 b5 25. axb5 axb5 26. Qb2 f4 27. e3 f3 28. Bf1 d3 29. Qxe5 Nxe5 30. Bh3 g6 31. Ra1 Ra8 32. Nxb5 Bb3 33. Nc3 g5 34. Nxe4 g4 35. Bf1 Bxd1 36. Rxd1 Rfb8 37. h3 h5 38. Nf6+ Kf7 39. Nxh5 Rxb4 40. Nf4 d2 41. Nd3 Nxd3 42. Bxd3 Rb2 43. Bf5 Ra5 44. Bxg4 Rxc5 45. Bxf3 Rc1 46. Kg2 Kf6 47. h4 Rxd1 48. Bxd1 Rb1 49. Bg4 Re1 50. Bf3 Kf5 51. g4+ Ke5 52. Kg3 Rg1+ 53. Kh2 d1=Q 54. Bxd1 Rxd1 55. h5 Ke4 56. Kg3 Rg1+ 57. Kh4 Kf3 58. h6 Rxg4+ 1/2-1/2